 Dungeon Crawl Stone Soup version 0.29.1 (webtiles) character file.

Game seed: 17404572851727026812

5303 qw the Cleaver (level 10, -4/65 HPs)
             Began as a Gargoyle Fighter on Sept 13, 2022.
             Was a Priest of Okawaru.
             Killed from afar by a deep elf pyromancer (15 damage)
             ... with a bolt of fire
             ... on level 8 of the Dungeon.
             The game lasted 00:03:10 (7742 turns).

qw the Cleaver (Gargoyle Fighter)                   Turns: 7742, Time: 00:03:10

Health: -4/65      AC: 27    Str: 30    XL:     10   Next: 63%
Magic:  13/13      EV: 13    Int:  9    God:    Okawaru [***...]
Gold:   522        SH:  6    Dex:  9    Spells: 9/9 levels left

rFire   . . .      SeeInvis .   Y - +1 war axe
rCold   . . .      Faith    .   c - +0 buckler
rNeg    + . .      Spirit   .   s - +2 plate armour {rPois}
rPois   inf        Reflect  .   f - +0 helmet
rElec   +          Harm     .   (no cloak)
rCorr   .          Rampage  .   (no gloves)
Will    .....                   e - +0 pair of boots
Stlth   ..........              (no amulet)
HPRegen 0.20/turn               n - +4 ring of evasion
MPRegen 0.13/turn               l - +6 ring of strength

@: heroic
A: sickness immunity, AC +7, negative energy resistance 1, electricity
resistance, torment resistance 1, petrification resistance
a: Renounce Religion, Heroism


You were on level 8 of the Dungeon.
You worshipped Okawaru.
Okawaru was most pleased with you.
You visited 2 branches of the dungeon, and saw 9 of its levels.

You collected 522 gold pieces.


Innate Abilities, Weirdness & Mutations

You are immune to sickness and miasma.
Your stone body is resilient. (AC +7)
You are immune to poison.
You resist negative energy. (rN+)
You are resistant to electric shocks. (rElec)
You are resistant to unholy torment.
You are immune to petrification.


   Skills:
 - Level 8.4(13.4) Fighting
 - Level 10.0(15.0) Axes
 - Level 2.0(7.0) Throwing
 + Level 6.8(11.8) Armour
 - Level 2.0(7.0) Dodging
 - Level 5.7(10.7) Shields
 - Level 4.0 Invocations


You had 9 spell levels left.
You didn't know any spells.
Your spell library was empty.

Inventory:

Hand Weapons
 m - a +2 morningstar of holy wrath
 Y - a +1 war axe (weapon)
Missiles
 q - 8 boomerangs (quivered)
Armour
 c - a +0 buckler (worn)
 e - a +0 pair of boots (worn)
 f - a +0 helmet (worn)
 s - a +2 plate armour of poison resistance (worn)
Jewellery
 k - a ring of protection from fire
 l - a +6 ring of strength (right hand)
 n - a +4 ring of evasion (left hand)
Scrolls
 h - a scroll of identify
 o - a scroll of summoning {unknown}
 r - a scroll of silence {unknown}
 u - a scroll of blinking {unknown}
Potions
 a - a potion of cancellation {unknown}
 b - a potion of curing
 d - 2 potions of might
 g - a potion of haste
 i - a potion of ambrosia {unknown}
 j - a potion of attraction
 p - a potion of lignification
 t - a potion of mutation
 v - a potion of resistance {unknown}

Dungeon Overview and Level Annotations

Branches:
Dungeon (8/15)             Temple (1/1) D:5            Lair (0/5) D:8

Altars:
Cheibriados
Dithmenos
Fedhas
Gozag
Hepliaklqana
Kikubaaqudgha
Makhleb
Nemelex Xobeh
Okawaru
Qazlal
Ru
Sif Muna
Uskayaw
Wu Jian
Xom
Yredelemnul
Zin
The Shining One

Annotations:
D:2 1 runed translucent door, Crazy Yiuf
D:5 3 runed translucent doors, qw's ghost, amateur GrDe
D:8 3 runed translucent doors


Message History

The slime creature hits you but does no damage.
You slash the slime creature!
The slime creature is heavily wounded.
You slash the slime creature!
The slime creature is severely wounded.
The slime creature misses you.
You hit the slime creature.
The slime creature is severely wounded.
The slime creature hits you.
You hit the slime creature.
The slime creature is almost dead.
The slime creature hits you but does no damage.
You slash the slime creature!
You kill the slime creature!
Okawaru accepts your kill.
You start resting.
Magic restored.
A deep elf pyromancer comes into view. It is wielding a +0 dagger.
You miss the deep elf pyromancer.
The deep elf pyromancer shouts!
The deep elf pyromancer hits you but does no damage.
You hit the deep elf pyromancer.
The deep elf pyromancer is lightly wounded.
The deep elf pyromancer closely misses you.
You closely miss the deep elf pyromancer.
The deep elf pyromancer is lightly wounded.
The deep elf pyromancer hits you but does no damage.
You slash the deep elf pyromancer!
The deep elf pyromancer is moderately wounded.
The deep elf pyromancer completely misses you.
You hit the deep elf pyromancer.
The deep elf pyromancer is moderately wounded.
You barely miss the deep elf pyromancer.
The deep elf pyromancer is moderately wounded.
The deep elf pyromancer closely misses you.
You slash the deep elf pyromancer!
The deep elf pyromancer is heavily wounded.
The deep elf pyromancer points at you and mumbles some strange words.
The bolt of fire hits you!
You die...

###...###..#.# ### #....
##...###..#...# #.###
#..###..#...#.# .#[###. #....
#.))))#...#...# V...:## #.###
#..###).#...#.# c#?###. #....
#....###..#...# .###. #.#..
#......###..#.# O#$. ##.#.#..
##....../###..###c.######.##.#..
####......###.@#'# #####+##....
##...#...##.e#####Rnez##....
######...###....+czcy##..#.
##...#######ccyo##..##
##.......#######+##.###
###.........[### #.##.###
#########..............####.#...#
#.........[).........#...###'.#.#
.........))#.....................


You could see a deep elf pyromancer.

Vanquished Creatures
  2 centaur warriors (D:8)
  A two-headed ogre (D:8)
  An unseen horror (D:8)
  A slime creature (D:8)
  A vampire (D:8)
  3 sky beasts
  An orc warrior (D:6)
  An ice beast (D:8)
  4 ogres
  2 centaurs
  2 phantoms
  3 kobold brigands
  3 bullfrogs
  A scorpion (D:5)
  5 wights
  5 killer bees (D:7)
  A crimson imp (D:5)
  5 howler monkeys (D:7)
  5 hounds
  A gnoll bouda (D:7)
  2 iguanas
  Ijyb (D:3)
  5 orc wizards
  5 gnolls (D:7)
  4 adders
  A shadow imp (D:8)
  3 white imps
  An ufetubus (D:5)
  2 worms (D:1)
  A dart slug (D:1)
  33 orcs
  7 ball pythons
  5 bats
  10 endoplasms
  3 giant cockroaches (D:4)
  6 goblins
  4 hobgoblins
  4 jackals (D:5)
  A quokka (D:1)
  5 frilled lizards
  22 kobolds
  5 rats
  A butterfly (D:5)
179 creatures vanquished.

Vanquished Creatures (others)
  Grinder (D:6)
  2 fungi (D:8)
  5 plants
8 creatures vanquished.

Grand Total: 187 creatures vanquished

Notes
Turn   | Place    | Note
-------+----------+-------------------------------------------
     0 | D:1      | qw the Gargoyle Fighter began the quest for the Orb.
     0 | D:1      | Reached XP level 1. HP: 14/14 MP: 1/1
     0 | D:1      | 0 ||| qw: Version: 0.1-a-119-g272c26d
     0 | D:1      | 0 ||| qw: Game counter: 11152
     0 | D:1      | 0 ||| qw: Always use a shield: true
     0 | D:1      | 0 ||| qw: God list: Okawaru
     0 | D:1      | 0 ||| qw: Allow faded altars: false
     0 | D:1      | 0 ||| qw: Do Orc after D:15 true
     0 | D:1      | 0 ||| qw: Do second Lair branch before Depths: true
     0 | D:1      | 0 ||| qw: Lair rune preference: random
     0 | D:1      | 0 ||| qw: Plans: Normal, Zot, God:TSO, Crypt, Tomb, Pan,
                  | Slime, Hells, Zig, Abyss, Orb
     0 | D:1      | 0 ||| PLANNING D:1-11
    85 | D:1      | 85 ||| Stepping ~*~*~tactically~*~*~ (stealth).
    87 | D:1      | 87 ||| Stepping ~*~*~tactically~*~*~ (stealth).
    90 | D:1      | Reached skill level 2 in Axes
   104 | D:1      | 104 ||| Stepping ~*~*~tactically~*~*~ (stealth).
   108 | D:1      | 108 ||| Stepping ~*~*~tactically~*~*~ (stealth).
   169 | D:1      | 169 ||| Stepping ~*~*~tactically~*~*~ (stealth).
   171 | D:1      | 171 ||| Stepping ~*~*~tactically~*~*~ (hiding).
   172 | D:1      | 172 ||| Stepping ~*~*~tactically~*~*~ (hiding).
   317 | D:1      | Reached XP level 2. HP: 19/19 MP: 2/2
   634 | D:1      | Reached skill level 3 in Axes
   682 | D:1      | 682 ||| DROPPING +0 club.
   730 | D:1      | Reached XP level 3. HP: 9/23 MP: 3/3
  1230 | D:1      | 1230 ||| UPGRADING to ring of positive energy.
  1231 | D:1      | 1231 ||| UPGRADING to +6 ring of strength.
  1232 | D:1      | 1232 ||| READING scroll labelled DOZYRH LAPRYI.
  1233 | D:1      | 1233 ||| READING 5 scrolls labelled KIMUAR VUXAICSI.
  1234 | D:1      | 1234 ||| READING scroll labelled HOHOETH OFIALL.
  1239 | D:1      | 1239 ||| READING 4 scrolls of identify.
  1239 | D:1      | 1239 ||| IDENTIFYING viscous green potion
  1240 | D:1      | 1240 ||| READING 3 scrolls of identify.
  1240 | D:1      | 1240 ||| IDENTIFYING green potion
  1241 | D:1      | 1241 ||| DROPPING potion of flight.
  1267 | D:2      | Found a shimmering blue altar of Sif Muna.
  1268 | D:2      | 1268 ||| STAIRDANCE
  1273 | D:1      | HP: 4/23 [worm (3)]
  1274 | D:1      | 1274 ||| DRINKING potion of heal wounds.
  1318 | D:2      | 1318 ||| STAIRDANCE
  1396 | D:2      | 1396 ||| FLEEEEING.
  1397 | D:2      | 1397 ||| FLEEEEING.
  1398 | D:2      | 1398 ||| FLEEEEING.
  1399 | D:2      | 1399 ||| STAIRDANCE
  1487 | D:2      | 1487 ||| STAIRDANCE
  1543 | D:2      | 1543 ||| Stepping ~*~*~tactically~*~*~ (stealth).
  1580 | D:2      | 1580 ||| Stepping ~*~*~tactically~*~*~ (stealth).
  1581 | D:2      | 1581 ||| Stepping ~*~*~tactically~*~*~ (stealth).
  1582 | D:2      | 1582 ||| Stepping ~*~*~tactically~*~*~ (stealth).
  1583 | D:2      | 1583 ||| Stepping ~*~*~tactically~*~*~ (stealth).
  1584 | D:2      | 1584 ||| Stepping ~*~*~tactically~*~*~ (stealth).
  1585 | D:2      | 1585 ||| Stepping ~*~*~tactically~*~*~ (stealth).
  1635 | D:2      | Found a runed translucent door.
  1636 | D:2      | Noticed Crazy Yiuf
  1747 | D:2      | Found a faded altar of an unknown god.
  1863 | D:2      | Reached XP level 4. HP: 27/28 MP: 4/4
  1968 | D:2      | 1968 ||| READING 3 scrolls of identify.
  1968 | D:2      | 1968 ||| IDENTIFYING clear potion
  2051 | D:3      | Reached skill level 4 in Axes
  2065 | D:3      | 2065 ||| DROPPING +0 mace.
  2218 | D:3      | Found a basalt altar of Yredelemnul.
  2316 | D:3      | 2316 ||| Stepping ~*~*~tactically~*~*~ (stealth).
  2321 | D:3      | 2321 ||| Stepping ~*~*~tactically~*~*~ (hiding).
  2328 | D:3      | 2328 ||| DRINKING potion of curing.
  2328 | D:3      | 2328 ||| (to cure confusion)
  2338 | D:3      | Reached XP level 5. HP: 14/32 MP: 5/5
  2656 | D:3      | Noticed Ijyb
  2666 | D:3      | 2666 ||| Stepping ~*~*~tactically~*~*~ (hiding).
  2673 | D:3      | 2673 ||| Stepping ~*~*~tactically~*~*~ (stealth).
  2679 | D:3      | HP: 7/32 [constriction (4)]
  2680 | D:3      | 2680 ||| DRINKING potion of heal wounds.
  2687 | D:3      | Killed Ijyb
  2688 | D:3      | Reached skill level 5 in Axes
  2853 | D:3      | 2853 ||| DROPPING +0 flail.
  2943 | D:3      | 2943 ||| READING scroll labelled UPPEGH EB QAIL.
  2991 | D:3      | 2991 ||| READING 3 scrolls of identify.
  2991 | D:3      | 2991 ||| IDENTIFYING silvery potion
  2992 | D:3      | 2992 ||| READING 2 scrolls of identify.
  2992 | D:3      | 2992 ||| IDENTIFYING blue potion
  2993 | D:3      | 2993 ||| DROPPING potion of brilliance.
  3351 | D:4      | 3351 ||| Stepping ~*~*~tactically~*~*~ (stealth).
  3352 | D:4      | 3352 ||| Stepping ~*~*~tactically~*~*~ (stealth).
  3360 | D:4      | 3360 ||| DROPPING +2 flail of holy wrath.
  3877 | D:4      | Noticed a phantom
  3886 | D:4      | Killed a phantom
  3887 | D:4      | Reached XP level 6. HP: 33/37 MP: 6/6
  4040 | D:4      | 4040 ||| UPGRADING to +0 pair of boots.
  4045 | D:4      | 4045 ||| UPGRADING to ring of protection from fire.
  4047 | D:4      | 4047 ||| UPGRADING to +4 ring of evasion.
  4049 | D:4      | 4049 ||| DROPPING ring of positive energy.
  4050 | D:4      | 4050 ||| READING scroll labelled EDAXZAFADAD.
  4091 | D:5      | Entered Level 5 of the Dungeon
  4092 | D:5      | 4092 ||| PLANNING OSSUARY
  4121 | D:5      | 4121 ||| Stepping ~*~*~tactically~*~*~ (hiding).
  4142 | D:5      | 4142 ||| Stepping ~*~*~tactically~*~*~ (stealth).
  4147 | D:5      | 4147 ||| Stepping ~*~*~tactically~*~*~ (stealth).
  4166 | D:5      | Found a staircase to the Ecumenical Temple.
  4167 | D:5      | 4167 ||| PLANNING TEMPLE
  4167 | D:5      | 4167 ||| DRINKING 2 black potions.
  4172 | D:5      | 4172 ||| FLEEEEING.
  4173 | D:5      | 4173 ||| FLEEEEING.
  4174 | D:5      | 4174 ||| FLEEEEING.
  4175 | D:5      | 4175 ||| FLEEEEING.
  4176 | D:5      | 4176 ||| FLEEEEING.
  4192 | D:5      | 4192 ||| FLEEEEING.
  4193 | D:5      | 4193 ||| FLEEEEING.
  4194 | D:5      | 4194 ||| FLEEEEING.
  4195 | D:5      | 4195 ||| FLEEEEING.
  4197 | D:5      | 4197 ||| FLEEEEING.
  4198 | D:5      | 4198 ||| FLEEEEING.
  4199 | D:5      | 4199 ||| FLEEEEING.
  4200 | D:5      | 4200 ||| FLEEEEING.
  4201 | D:5      | 4201 ||| FLEEEEING.
  4206 | D:5      | 4206 ||| FLEEEEING.
  4207 | D:5      | 4207 ||| FLEEEEING.
  4208 | D:5      | 4208 ||| FLEEEEING.
  4209 | D:5      | 4209 ||| FLEEEEING.
  4212 | D:5      | 4212 ||| STAIRDANCE
  4217 | D:5      | 4217 ||| FLEEEEING.
  4218 | D:5      | 4218 ||| STAIRDANCE
  4222 | D:5      | 4222 ||| STAIRDANCE
  4226 | D:5      | 4226 ||| STAIRDANCE
  4239 | D:5      | 4239 ||| STAIRDANCE
  4268 | D:5      | 4268 ||| Stepping ~*~*~tactically~*~*~ (stealth).
  4270 | D:5      | 4270 ||| Stepping ~*~*~tactically~*~*~ (stealth).
  4283 | D:5      | Reached XP level 7. HP: 43/43 MP: 7/7
  4287 | D:5      | Reached skill level 6 in Axes
  4348 | Temple   | Entered the Ecumenical Temple
  4374 | Temple   | 4374 ||| PLANNING OSSUARY
  4385 | Temple   | Became a worshipper of Warmaster Okawaru
  4528 | D:5      | Noticed qw's ghost (amateur GrDe)
  4551 | D:5      | Found a burning altar of Makhleb.
  4552 | D:5      | Found a shimmering altar of Xom.
  4564 | D:5      | 4564 ||| Stepping ~*~*~tactically~*~*~ (stealth).
  4605 | D:5      | Reached skill level 7 in Axes
  4693 | D:5      | Reached XP level 8. HP: 24/49 MP: 8/8
  4843 | D:5      | 4843 ||| RIP OSSUARY
  4849 | D:5      | 4849 ||| PLANNING D:1-11
  4856 | D:5      | Reached * piety under Okawaru
  4914 | D:5      | 4914 ||| Stepping ~*~*~tactically~*~*~ (stealth).
  4915 | D:5      | 4915 ||| Stepping ~*~*~tactically~*~*~ (stealth).
  5032 | D:5      | 5032 ||| DRINKING potion of curing.
  5032 | D:5      | 5032 ||| (to cure confusion)
  5036 | D:5      | Reached skill level 1 in Invocations
  5050 | D:5      | Found a runed translucent gate.
  5051 | D:5      | Found a runed translucent gate.
  5322 | D:5      | Found a runed translucent gate.
  5343 | D:5      | 5343 ||| UPGRADING to +0 helmet.
  5348 | D:5      | 5348 ||| READING scroll labelled ZOIDDE ZESUAX.
  5349 | D:5      | 5349 ||| READING scroll labelled HEYMNE VASHREDU.
  5361 | D:6      | 5361 ||| STAIRDANCE
  5419 | D:6      | 5419 ||| Stepping ~*~*~tactically~*~*~ (stealth).
  5421 | D:6      | 5421 ||| INVOKING Heroism.
  5422 | D:6      | 5422 ||| Stepping ~*~*~tactically~*~*~ (hiding).
  5424 | D:6      | Found an ornate altar of the Wu Jian Council.
  5600 | D:6      | 5600 ||| Stepping ~*~*~tactically~*~*~ (stealth).
  5629 | D:6      | 5629 ||| DRINKING potion of curing.
  5629 | D:6      | 5629 ||| (to cure confusion)
  5632 | D:6      | 5632 ||| INVOKING Heroism.
  5716 | D:6      | 5716 ||| Stepping ~*~*~tactically~*~*~ (stealth).
  5748 | D:6      | Noticed Grinder
  5749 | D:6      | 5749 ||| INVOKING Heroism.
  5761 | D:6      | 5761 ||| Stepping ~*~*~tactically~*~*~ (hiding).
  5762 | D:6      | 5762 ||| Stepping ~*~*~tactically~*~*~ (hiding).
  5769 | D:6      | 5769 ||| INVOKING Heroism.
  5774 | D:6      | Killed Grinder
  5775 | D:6      | Reached skill level 3 in Invocations
  5785 | D:6      | Reached skill level 8 in Axes
  5831 | D:6      | 5831 ||| FLEEEEING.
  5978 | D:6      | 5978 ||| Stepping ~*~*~tactically~*~*~ (stealth).
  6204 | D:6      | Found a glowing golden altar of the Shining One.
  6226 | D:6      | 6226 ||| UPGRADING to +2 plate armour of poison resistance.
  6236 | D:6      | 6236 ||| DROPPING +0 scale mail.
  6237 | D:6      | 6237 ||| DROPPING amulet of guardian spirit.
  6238 | D:6      | 6238 ||| READING 2 scrolls labelled DUWOTAD NEUTEX.
  6239 | D:6      | 6239 ||| READING scroll labelled MUALLOESEE.
  6240 | D:6      | 6240 ||| DRINKING 2 fuming dark potions.
  6241 | D:6      | 6241 ||| READING 3 scrolls of identify.
  6241 | D:6      | 6241 ||| IDENTIFYING metallic black potion
  6242 | D:6      | 6242 ||| READING 2 scrolls of identify.
  6242 | D:6      | 6242 ||| IDENTIFYING brown potion
  6243 | D:6      | 6243 ||| DROPPING scroll of fear.
  6244 | D:6      | 6244 ||| DROPPING potion of degeneration.
  6282 | D:6      | 6282 ||| INVOKING Heroism.
  6293 | D:6      | Reached XP level 9. HP: 55/55 MP: 10/12
  6321 | D:7      | 6321 ||| Stepping ~*~*~tactically~*~*~ (stealth).
  6324 | D:7      | 6324 ||| INVOKING Heroism.
  6336 | D:7      | Reached skill level 6 in Fighting
  6419 | D:7      | 6419 ||| Stepping ~*~*~tactically~*~*~ (stealth).
  6422 | D:7      | 6422 ||| INVOKING Heroism.
  6456 | D:7      | 6456 ||| FLEEEEING.
  6457 | D:7      | 6457 ||| FLEEEEING.
  6458 | D:7      | 6458 ||| FLEEEEING.
  6459 | D:7      | 6459 ||| FLEEEEING.
  6461 | D:7      | 6461 ||| FLEEEEING.
  6462 | D:7      | 6462 ||| FLEEEEING.
  6464 | D:7      | 6464 ||| FLEEEEING.
  6465 | D:7      | 6465 ||| FLEEEEING.
  6466 | D:7      | 6466 ||| FLEEEEING.
  6467 | D:7      | 6467 ||| FLEEEEING.
  6468 | D:7      | 6468 ||| FLEEEEING.
  6469 | D:7      | 6469 ||| FLEEEEING.
  6475 | D:7      | Found a hide-covered altar of Uskayaw.
  6477 | D:7      | 6477 ||| STAIRDANCE
  6699 | D:7      | Reached skill level 9 in Axes
  6725 | D:7      | 6725 ||| INVOKING Heroism.
  6726 | D:7      | 6726 ||| Stepping ~*~*~tactically~*~*~ (stealth).
  6744 | D:7      | 6744 ||| INVOKING Heroism.
  6986 | D:7      | Found an opulent altar of Gozag.
  7072 | D:8      | 7072 ||| Stepping ~*~*~tactically~*~*~ (stealth).
  7075 | D:8      | 7075 ||| Stepping ~*~*~tactically~*~*~ (stealth).
  7077 | D:8      | 7077 ||| Stepping ~*~*~tactically~*~*~ (stealth).
  7079 | D:8      | 7079 ||| Stepping ~*~*~tactically~*~*~ (stealth).
  7080 | D:8      | 7080 ||| Stepping ~*~*~tactically~*~*~ (stealth).
  7081 | D:8      | 7081 ||| INVOKING Heroism.
  7094 | D:8      | Reached ** piety under Okawaru
  7107 | D:8      | Found a stormy altar of Qazlal.
  7221 | D:8      | 7221 ||| Stepping ~*~*~tactically~*~*~ (stealth).
  7281 | D:8      | Found a staircase to the Lair.
  7324 | D:8      | Found a runed translucent door.
  7325 | D:8      | Noticed a skeletal warrior
  7325 | D:8      | Found a runed translucent door.
  7325 | D:8      | Noticed an efreet
  7326 | D:8      | Found a runed translucent door.
  7326 | D:8      | Noticed a deep elf pyromancer
  7400 | D:8      | 7400 ||| Stepping ~*~*~tactically~*~*~ (hiding).
  7412 | D:8      | 7412 ||| INVOKING Heroism.
  7426 | D:8      | Reached skill level 6 in Armour
  7532 | D:8      | Found a hazy altar of Hepliaklqana.
  7668 | D:8      | Noticed a centaur warrior
  7668 | D:8      | Noticed a two-headed ogre
  7668 | D:8      | Noticed a centaur warrior
  7669 | D:8      | 7669 ||| Stepping ~*~*~tactically~*~*~ (hiding).
  7678 | D:8      | Killed a centaur warrior
  7679 | D:8      | Reached skill level 10 in Axes
  7679 | D:8      | Reached XP level 10. HP: 44/63 MP: 13/13
  7679 | D:8      | 7679 ||| INVOKING Heroism.
  7683 | D:8      | Killed an unseen horror
  7683 | D:8      | Reached *** piety under Okawaru
  7687 | D:8      | Killed a two-headed ogre
  7696 | D:8      | HP: 14/65 [centaur warrior (8)]
  7699 | D:8      | Killed a centaur warrior
  7699 | D:8      | Received a gift from Okawaru
  7701 | D:8      | HP: 5/65 [something (2)]
  7719 | D:8      | 7719 ||| INVOKING Heroism.
  7724 | D:8      | HP: 7/65 [slime creature (2)]
  7735 | D:8      | Noticed a deep elf pyromancer
  7742 | D:8      | Killed from afar by a deep elf pyromancer

Levels and vault maps discovered:
D:1:      amcnicky_arrival_underground_garden, layout_basic
D:2:      layout_rooms, basic_altar, chequers_ecumenical_altar_simple,
          serial_bayou_pond_e, uniq_crazy_yiuf_cottage
D:3:      layout_basic, mainiacjoe_overflow_six_doors_small, minivault_23,
          uniq_ijyb
D:4:      layout_cave_pods
D:5:      layout_basic, grunt_temple_overflow_champion_of_chaos,
          minmay_temple_entry_butterflies, lightli_ossuary_entry_decrepit_ruins,
          gammafunk_ghost_split
D:6:      layout_loops_ring, kennysheep_mini, mainiacjoe_overflow_brackets,
          st_stairs_8, kennysheep_another_room, uniq_grinder
D:7:      layout_rooms, nicolae_gozag_cash_rules_everything_around_me,
          mainiacjoe_overflow_alcove_1
D:8:      minmay_the_grid_triangle_9x9_recursive_2
          [minmay_the_grid_triangle_9x9_prize_top_heavy,
          minmay_the_grid_triangle_9x9_fully_insulated_deathbox,
          minmay_the_grid_triangle_9x9_corrupted_corridor,
          minmay_the_grid_triangle_9x9_sparse_checkered], layout_rooms,
          grunt_qazlal_clouds, mainiacjoe_overflow_24_doors, dpeg_oklobed_lair
Temple:   nicolae_temple_ecumenical_triangle

Skill      XL: |  1  2  3  4  5  6  7  8  9 10 |
---------------+-------------------------------+-----
Axes           | 2 3 4 5 7 8 10 | 10.0
Dodging        | 2 |  2.0
Fighting       | 4 5 7 8 |  8.4
Invocations    | 4 |  4.0
Throwing       | 2 |  2.0
Armour         | 4 6 |  6.8
Shields        | 4 5 |  5.7

Action                   |  1- 3 |  4- 6 |  7- 9 | 10-12 || total
-------------------------+-------+-------+-------+-------++-------
Melee: War axe           |   120 |   132 |   301 |    39 ||   592
Throw: Boomerang         |       |       |    53 |       ||    53
Invok: Heroism           |       |       |    11 |     2 ||    13
  Use: Scroll            |     5 |     5 |     6 |       ||    16
       Potion            |     1 |     3 |     3 |       ||     7
Armor: Scale mail        |    61 |    64 |    45 |       ||   170
       Plate armour      |       |       |    99 |    27 ||   126
Dodge: Dodged            |    53 |    65 |   162 |    13 ||   293
Block: Buckler           |    30 |    22 |    40 |     9 ||   101

Table legend:
 A = Non-vault XP
 B = Vault XP
 C = Vault XP percentage of total XP
 D = Non-vault monster count
 E = Vault monster count
 F = Vault count percentage of total count
                 A         B        C        D         E       F
            +---------+---------+-------+---------+---------+-------
      Total |    3629 |    3947 |  52.1 |     165 |      14 |   7.8
            +---------+---------+-------+---------+---------+-------
        D:1 |      54 |       0 |   0.0 |      26 |       0 |   0.0
        D:2 |      43 |       0 |   0.0 |      14 |       0 |   0.0
        D:3 |     118 |      36 |  23.4 |      17 |       1 |   5.6
        D:4 |     123 |       0 |   0.0 |      12 |       0 |   0.0
        D:5 |     965 |      50 |   4.9 |      28 |       1 |   3.4
        D:6 |     620 |     438 |  41.4 |      17 |       3 |  15.0
        D:7 |    1316 |       0 |   0.0 |      32 |       0 |   0.0
        D:8 |     390 |    3423 |  89.8 |      19 |       9 |  32.1
            +---------+---------+-------+---------+---------+-------
